3414 views
Uploaded 2020-04-08 16:12:07
Game version 1.32.3
54:18 long 4on4 ladder game on (8)Sanctuary_LV
Saved by BEARAND
3414 views
Uploaded 2020-04-08 16:12:07
Game version 1.32.3
54:18 long 4on4 ladder game on (8)Sanctuary_LV


295 units @ 50.8k
/ 9.6k
99 buildings @ 13.6k
/ 5.9k



| Healing Salve | 6 | 600 |
| Lesser Clarity Potion | 10 | 700 |
| Tiny Great Hall | 1 | 600 |
| Orb of Lightning | 3 | 1125 |
| Potion of Healing | 4 | 600 |
| Potion of Mana | 5 | 1000 |
| Scroll of Speed | 1 | 50 |
| Scroll of Town Portal | 1 | 350 |
| Dust of Appearance | 1 | 75 |
| Boots of Speed | 1 | 250 |
| Potion of Lesser Invulnerability | 1 | 150 |
| total: | 34 | 5500g |
| Peon | 22 | 1650 | / | 0 |
| Grunt | 3 | 600 | / | 0 |
| Raider | 12 | 2160 | / | 480 |
| Wind Rider | 16 | 4240 | / | 640 |
| Kodo Beast | 1 | 255 | / | 60 |
| Shaman | 3 | 390 | / | 60 |
| total: | 57 | 9295g | / | 1240w |
| Altar of Storms | 1 | 180 | / | 50 |
| Orc Burrow | 7 | 1120 | / | 280 |
| Barracks | 1 | 180 | / | 50 |
| Voodoo Lounge | 3 | 390 | / | 90 |
| War Mill | 1 | 205 | / | 0 |
| Great Hall | 1 | 385 | / | 185 |
| Beastiary | 2 | 290 | / | 280 |
| Spirit Lodge | 2 | 300 | / | 300 |
| Stronghold | 1 | 315 | / | 190 |
| Fortress | 1 | 325 | / | 190 |
| total: | 18 | 3050g | / | 1235w |
| 0:04 | Peon |
| 0:04 | Peon |
| 0:06 | Altar of Storms |
| 0:14 | Orc Burrow |
| 0:24 | Peon |
| 0:38 | Barracks |
| 0:46 | Peon |
| 1:03 | Peon |
| 1:11 | Peon |
| 1:22 | Voodoo Lounge |
| 1:38 | Grunt |
| 1:57 | Peon |
| 2:05 | Wind Walk |
| 2:23 | Stronghold |
| 2:41 | Orc Burrow |
| 2:50 | War Mill |
| 3:23 | Orc Burrow |
| 3:41 | Grunt |
| 4:08 | Grunt |
| 4:17 | Critical Strike |
| 4:29 | Healing Salve |
| 4:33 | Healing Salve |
| 5:25 | Great Hall |
| 5:43 | Fortress |
| 6:01 | Hex |
| 6:07 | Beastiary |
| 6:32 | Beastiary |
| 6:40 | Wind Walk |
| 7:46 | Raider |
| 8:00 | Lesser Clarity Potion |
| 8:03 | Healing Salve |
| 8:07 | Peon |
| 8:08 | Peon |
| 8:08 | Peon |
| 8:08 | Peon |
| 8:17 | Peon |
| 8:39 | Tiny Great Hall |
| 8:48 | Ensnare |
| 8:51 | Peon |
| 8:59 | Peon |
| 9:11 | Orc Burrow |
| 9:39 | Envenomed Spears |
| 9:39 | Wind Rider |
| 9:41 | Peon |
| 9:46 | Peon |
| 9:46 | Peon |
| 9:50 | Peon |
| 9:51 | Peon |
| 9:56 | Healing Wave |
| 10:20 | Wind Rider |
| 11:06 | Wind Rider |
| 11:07 | Raider |
| 11:15 | Critical Strike |
| 12:11 | Raider |
| 12:11 | Raider |
| 12:16 | Steel Ranged Weapons |
| 12:17 | Reinforced Defenses |
| 12:19 | Orc Burrow |
| 12:46 | Healing Wave |
| 13:35 | War Drums Damage Increase |
| 13:36 | Kodo Beast |
| 13:38 | Wind Rider |
| 13:39 | Orc Burrow |
| 13:40 | Orc Burrow |
| 14:26 | Thorium Ranged Weapons |
| 14:26 | Steel Armor |
| 15:01 | Healing Salve |
| 15:10 | Orb of Lightning |
| 15:13 | Lesser Clarity Potion |
| 15:17 | Potion of Healing |
| 15:20 | Lesser Clarity Potion |
| 15:20 | Potion of Mana |
| 15:24 | Scroll of Town Portal |
| 15:29 | Potion of Mana |
| 15:37 | Spirit Lodge |
| 15:40 | Spirit Lodge |
| 16:07 | Boots of Speed |
| 16:26 | Potion of Lesser Invulnerability |
| 17:27 | Endurance Aura |
| 17:45 | Pillage |
| 17:47 | Hex |
| 19:19 | Wind Walk |
| 20:15 | Wind Rider |
| 20:19 | Orb of Lightning |
| 20:19 | Potion of Healing |
| 20:20 | Scroll of Speed |
| 20:25 | Lesser Clarity Potion |
| 20:28 | Potion of Healing |
| 20:31 | Lesser Clarity Potion |
| 20:33 | Potion of Healing |
| 20:46 | Shaman Adept Training |
| 20:46 | Shaman |
| 21:02 | Wind Rider |
| 21:16 | Wind Rider |
| 21:16 | Wind Rider |
| 22:00 | Raider |
| 22:01 | Wind Rider |
| 22:37 | Bladestorm |
| 22:58 | Shaman Master Training |
| 23:00 | Wind Rider |
| 23:00 | Wind Rider |
| 23:16 | War Stomp |
| 23:23 | Shaman |
| 24:47 | Dust of Appearance |
| 24:53 | Raider |
| 24:53 | Wind Rider |
| 24:54 | Wind Rider |
| 25:10 | Wind Rider |
| 26:08 | Healing Wave |
| 27:07 | Raider |
| 27:20 | Voodoo Lounge |
| 27:20 | Voodoo Lounge |
| 27:22 | Peon |
| 27:22 | Peon |
| 27:22 | Peon |
| 27:47 | Lesser Clarity Potion |
| 27:48 | Healing Salve |
| 27:58 | Lesser Clarity Potion |
| 28:00 | Potion of Mana |
| 28:00 | Potion of Mana |
| 28:05 | Orb of Lightning |
| 29:20 | Endurance Aura |
| 29:23 | Wind Rider |
| 29:23 | Wind Rider |
| 31:47 | Lesser Clarity Potion |
| 31:51 | Lesser Clarity Potion |
| 31:51 | Potion of Mana |
| 32:01 | Shaman |
| 32:04 | Healing Salve |
| 32:16 | Raider |
| 32:19 | War Stomp |
| 32:40 | Raider |
| 33:35 | Raider |
| 34:03 | Big Bad Voodoo |
| 34:37 | Critical Strike |
| 35:18 | Arcanite Ranged Weapons |
| 40:35 | Lesser Clarity Potion |
| 41:46 | Raider |
| 41:46 | Raider |
| Right click | 3731 |
| Select group | 3140 |
| Select | 1763 |
| Chat | 862 |
| Build/train/purchase | 203 |
| Use ability | 129 |
| Assign group | 57 |
| Misc. action | 42 |
| Minimap ping | 15 |
| Item give/drop | 10 |
| Resource trade | 4 |

| Healing Salve | 2 | 200 |
| Potion of Healing | 2 | 300 |
| total: | 4 | 500g |
| Peon | 17 | 1275 | / | 0 |
| Troll Headhunter | 29 | 4060 | / | 580 |
| Wind Rider | 22 | 5830 | / | 880 |
| Demolisher | 19 | 4180 | / | 950 |
| Tauren | 3 | 840 | / | 240 |
| total: | 90 | 16185g | / | 2650w |
| Watch Tower | 5 | 550 | / | 400 |
| Altar of Storms | 1 | 180 | / | 50 |
| Orc Burrow | 12 | 1920 | / | 480 |
| Barracks | 2 | 360 | / | 100 |
| War Mill | 2 | 410 | / | 0 |
| Voodoo Lounge | 1 | 130 | / | 30 |
| Great Hall | 2 | 770 | / | 370 |
| Beastiary | 2 | 290 | / | 280 |
| Tauren Totem | 1 | 135 | / | 155 |
| Stronghold | 1 | 315 | / | 190 |
| Fortress | 1 | 325 | / | 190 |
| total: | 28 | 4745g | / | 1865w |
| 0:05 | Altar of Storms |
| 0:08 | Orc Burrow |
| 0:09 | Peon |
| 0:09 | Peon |
| 0:22 | Peon |
| 0:27 | Peon |
| 0:42 | Peon |
| 0:58 | Barracks |
| 1:09 | Peon |
| 1:21 | War Mill |
| 1:29 | Peon |
| 1:50 | Peon |
| 2:07 | Orc Burrow |
| 2:09 | Orc Burrow |
| 2:10 | Orc Burrow |
| 2:20 | Wind Walk |
| 2:39 | Voodoo Lounge |
| 2:44 | Troll Headhunter |
| 2:47 | Troll Headhunter |
| 3:18 | Troll Headhunter |
| 3:18 | Troll Headhunter |
| 3:56 | Spiked Barricades |
| 3:56 | Steel Ranged Weapons |
| 4:00 | Troll Headhunter |
| 4:14 | Critical Strike |
| 4:19 | Troll Headhunter |
| 4:23 | Healing Salve |
| 4:33 | Steel Armor |
| 5:33 | Great Hall |
| 5:37 | Stronghold |
| 5:53 | Troll Headhunter |
| 6:15 | Watch Tower |
| 6:16 | Watch Tower |
| 6:49 | Troll Headhunter |
| 6:49 | Troll Headhunter |
| 7:21 | Troll Headhunter |
| 7:33 | Healing Salve |
| 8:01 | Critical Strike |
| 8:33 | Orc Burrow |
| 8:34 | Orc Burrow |
| 8:39 | Orc Burrow |
| 8:45 | Peon |
| 8:45 | Peon |
| 8:45 | Peon |
| 8:45 | Peon |
| 8:47 | Peon |
| 8:50 | Reinforced Defenses |
| 9:09 | Orc Burrow |
| 9:10 | Orc Burrow |
| 9:11 | Orc Burrow |
| 9:13 | Orc Burrow |
| 9:39 | Wind Walk |
| 10:29 | Beastiary |
| 10:35 | Thorium Ranged Weapons |
| 10:42 | Orc Burrow |
| 11:11 | Troll Regeneration |
| 11:12 | Troll Headhunter |
| 11:12 | Troll Headhunter |
| 11:12 | Troll Headhunter |
| 11:12 | Troll Headhunter |
| 11:13 | Troll Headhunter |
| 12:11 | Tauren Totem |
| 12:19 | Wind Rider |
| 12:50 | Demolisher |
| 12:50 | Demolisher |
| 13:44 | Demolisher |
| 13:45 | Demolisher |
| 13:47 | Wind Rider |
| 13:48 | Wind Rider |
| 14:34 | Demolisher |
| 14:47 | Potion of Healing |
| 14:50 | Potion of Healing |
| 15:01 | Wind Rider |
| 15:01 | Wind Rider |
| 15:24 | Barracks |
| 15:28 | Wind Rider |
| 16:59 | Demolisher |
| 16:59 | Demolisher |
| 17:02 | Wind Rider |
| 17:02 | Wind Rider |
| 17:02 | Wind Rider |
| 17:29 | Troll Headhunter |
| 17:29 | Troll Headhunter |
| 17:30 | Troll Headhunter |
| 17:30 | Troll Headhunter |
| 17:30 | Troll Headhunter |
| 17:34 | Troll Headhunter |
| 17:34 | Troll Headhunter |
| 17:34 | Troll Headhunter |
| 17:34 | Troll Headhunter |
| 17:40 | Fortress |
| 19:21 | Beastiary |
| 19:55 | Berserker Strength |
| 21:35 | Tauren |
| 21:35 | Tauren |
| 21:35 | Tauren |
| 23:26 | Envenomed Spears |
| 23:30 | Demolisher |
| 23:31 | Demolisher |
| 23:31 | Demolisher |
| 23:31 | Demolisher |
| 23:31 | Demolisher |
| 24:21 | Wind Rider |
| 24:21 | Wind Rider |
| 24:25 | Troll Headhunter |
| 24:26 | Troll Headhunter |
| 24:26 | Troll Headhunter |
| 24:26 | Troll Headhunter |
| 24:26 | Troll Headhunter |
| 24:48 | Critical Strike |
| 27:42 | Demolisher |
| 27:42 | Demolisher |
| 27:42 | Demolisher |
| 27:42 | Burning Oil |
| 27:44 | Demolisher |
| 27:45 | Demolisher |
| 27:45 | Demolisher |
| 27:45 | Demolisher |
| 30:47 | Wind Rider |
| 30:48 | Wind Rider |
| 30:48 | Wind Rider |
| 30:48 | Wind Rider |
| 30:48 | Wind Rider |
| 30:48 | Wind Rider |
| 30:48 | Wind Rider |
| 31:13 | Great Hall |
| 31:42 | War Mill |
| 32:04 | Wind Rider |
| 32:07 | Wind Rider |
| 32:07 | Wind Rider |
| 37:05 | Wind Rider |
| 38:56 | Peon |
| 38:57 | Peon |
| 39:25 | Watch Tower |
| 39:26 | Watch Tower |
| 39:27 | Watch Tower |
| 39:54 | Peon |
| 39:55 | Peon |
| Right click | 1538 |
| Select | 733 |
| Build/train/purchase | 128 |
| Minimap ping | 16 |
| Use ability | 8 |
| Remove unit | 7 |


| Potion of Healing | 3 | 450 |
| Scroll of Town Portal | 3 | 1050 |
| total: | 6 | 1500g |
| Peasant | 17 | 1275 | / | 0 |
| Footman | 6 | 810 | / | 0 |
| Rifleman | 6 | 1230 | / | 180 |
| Flying Machine | 39 | 3900 | / | 1170 |
| Priest | 7 | 945 | / | 70 |
| Knight | 9 | 2205 | / | 540 |
| Gryphon Rider | 8 | 2240 | / | 560 |
| Mortar Team | 2 | 360 | / | 140 |
| Siege Engine | 3 | 585 | / | 180 |
| total: | 97 | 13550g | / | 2840w |
| Scout Tower | 12 | 360 | / | 240 |
| Arcane Tower | 2 | 140 | / | 100 |
| Guard Tower | 8 | 560 | / | 400 |
| Altar of Kings | 1 | 180 | / | 50 |
| Barracks | 1 | 160 | / | 60 |
| Farm | 14 | 1120 | / | 280 |
| Lumber Mill | 1 | 120 | / | 0 |
| Arcane Vault | 1 | 130 | / | 30 |
| Blacksmith | 1 | 140 | / | 60 |
| Town Hall | 1 | 385 | / | 205 |
| Workshop | 1 | 140 | / | 140 |
| Arcane Sanctum | 1 | 150 | / | 140 |
| Gryphon Aviary | 1 | 140 | / | 150 |
| Keep | 1 | 320 | / | 210 |
| Castle | 1 | 360 | / | 210 |
| total: | 35 | 3025g | / | 1355w |
| 0:03 | Peasant |
| 0:04 | Peasant |
| 0:04 | Peasant |
| 0:04 | Peasant |
| 0:04 | Peasant |
| 0:04 | Peasant |
| 0:22 | Altar of Kings |
| 0:49 | Barracks |
| 0:54 | Farm |
| 1:14 | Lumber Mill |
| 1:27 | Scout Tower |
| 1:41 | Farm |
| 1:44 | Farm |
| 2:00 | Footman |
| 2:00 | Footman |
| 2:00 | Footman |
| 2:00 | Footman |
| 2:12 | Arcane Vault |
| 2:42 | Blacksmith |
| 2:53 | Storm Bolt |
| 3:25 | Arcane Tower |
| 3:30 | Scout Tower |
| 3:55 | Defend |
| 4:19 | Guard Tower |
| 4:31 | Rifleman |
| 4:41 | Scout Tower |
| 5:01 | Rifleman |
| 5:14 | Arcane Tower |
| 5:29 | Farm |
| 5:40 | Iron Forged Swords |
| 5:49 | Farm |
| 6:01 | Farm |
| 6:57 | Black Gunpowder |
| 6:59 | Iron Plating |
| 7:06 | Scout Tower |
| 7:36 | Guard Tower |
| 7:39 | Scout Tower |
| 7:59 | Peasant |
| 7:59 | Peasant |
| 8:05 | Scout Tower |
| 8:10 | Guard Tower |
| 8:14 | Scout Tower |
| 8:23 | Peasant |
| 8:41 | Guard Tower |
| 8:44 | Scout Tower |
| 8:49 | Rifleman |
| 8:50 | Footman |
| 9:04 | Guard Tower |
| 9:25 | Guard Tower |
| 9:30 | Scout Tower |
| 9:34 | Scout Tower |
| 9:51 | Improved Masonry |
| 10:08 | Guard Tower |
| 10:49 | Thunder Clap |
| 11:32 | Thunder Clap |
| 11:48 | Town Hall |
| 12:00 | Guard Tower |
| 12:15 | Rifleman |
| 12:16 | Footman |
| 12:17 | Rifleman |
| 12:37 | Keep |
| 13:05 | Studded Leather Armor |
| 13:34 | Farm |
| 13:46 | Farm |
| 15:00 | Scroll of Town Portal |
| 15:01 | Scroll of Town Portal |
| 15:10 | Steel Forged Swords |
| 15:15 | Workshop |
| 15:23 | Peasant |
| 15:24 | Peasant |
| 15:24 | Peasant |
| 15:25 | Peasant |
| 15:25 | Peasant |
| 15:58 | Arcane Sanctum |
| 16:14 | Farm |
| 17:34 | Flak Cannons |
| 17:35 | Flying Machine |
| 17:35 | Flying Machine |
| 17:35 | Flying Machine |
| 17:35 | Flying Machine |
| 17:35 | Flying Machine |
| 17:35 | Flying Machine |
| 17:42 | Farm |
| 17:50 | Farm |
| 17:55 | Gryphon Aviary |
| 18:08 | Priest |
| 18:09 | Priest |
| 19:27 | Potion of Healing |
| 19:31 | Potion of Healing |
| 19:38 | Improved Lumber Harvesting |
| 19:43 | Flying Machine |
| 19:44 | Flying Machine |
| 19:44 | Flying Machine |
| 20:01 | Castle |
| 20:10 | Peasant |
| 20:10 | Peasant |
| 20:10 | Peasant |
| 20:18 | Farm |
| 20:55 | Flying Machine |
| 20:55 | Flying Machine |
| 20:55 | Flying Machine |
| 21:02 | Farm |
| 21:09 | Priest Adept Training |
| 21:11 | Magic Sentry |
| 21:49 | Long Rifles |
| 21:53 | Refined Gunpowder |
| 21:54 | Steel Plating |
| 21:54 | Reinforced Leather Armor |
| 22:02 | Farm |
| 22:10 | Control Magic |
| 22:11 | Sorceress Adept Training |
| 22:25 | Advanced Lumber Harvesting |
| 22:27 | Advanced Masonry |
| 22:36 | Knight |
| 22:36 | Knight |
| 22:36 | Knight |
| 22:57 | Storm Bolt |
| 23:15 | Flying Machine Bombs |
| 24:06 | Flying Machine |
| 24:06 | Flying Machine |
| 24:06 | Flying Machine |
| 24:06 | Flying Machine |
| 24:06 | Flying Machine |
| 24:07 | Flying Machine |
| 24:13 | Storm Hammers |
| 24:26 | Knight |
| 24:41 | Priest Master Training |
| 25:41 | Backpack |
| 25:56 | Imbued Masonry |
| 26:10 | Gryphon Rider |
| 26:11 | Gryphon Rider |
| 26:11 | Gryphon Rider |
| 26:42 | Mithril Plating |
| 26:46 | Sundering Blades |
| 26:55 | Divine Shield |
| 27:30 | Mithril Forged Swords |
| 27:34 | Knight |
| 27:34 | Knight |
| 28:32 | Bash |
| 29:02 | Mortar Team |
| 29:03 | Mortar Team |
| 29:05 | Flying Machine |
| 29:06 | Flying Machine |
| 29:06 | Flying Machine |
| 29:06 | Flying Machine |
| 29:06 | Flying Machine |
| 29:06 | Flying Machine |
| 29:29 | Imbued Gunpowder |
| 29:29 | Dragonhide Armor |
| 29:33 | Flying Machine |
| 29:36 | Priest |
| 29:36 | Priest |
| 29:36 | Priest |
| 29:36 | Priest |
| 30:16 | Potion of Healing |
| 30:16 | Scroll of Town Portal |
| 30:21 | Devotion Aura |
| 30:39 | Flying Machine |
| 30:39 | Flying Machine |
| 30:39 | Flying Machine |
| 30:40 | Flying Machine |
| 30:40 | Flying Machine |
| 30:40 | Flying Machine |
| 31:01 | Animal War Training |
| 31:09 | Gryphon Rider |
| 31:09 | Gryphon Rider |
| 31:09 | Gryphon Rider |
| 31:10 | Gryphon Rider |
| 31:10 | Gryphon Rider |
| 31:38 | Knight |
| 33:45 | Flying Machine |
| 33:46 | Flying Machine |
| 34:18 | Flying Machine |
| 34:18 | Flying Machine |
| 34:31 | Scout Tower |
| 34:34 | Scout Tower |
| 36:03 | Rifleman |
| 36:03 | Knight |
| 36:03 | Knight |
| 36:23 | Sorceress Master Training |
| 38:35 | Flying Machine |
| 38:36 | Flying Machine |
| 38:36 | Flying Machine |
| 38:36 | Flying Machine |
| 39:17 | Siege Engine |
| 39:17 | Siege Engine |
| 39:17 | Siege Engine |
| 41:15 | Priest |
| Right click | 587 |
| Select | 469 |
| Build/train/purchase | 176 |
| Use ability | 23 |
| Resource trade | 4 |
| Remove unit | 2 |
| Esc | 1 |
| Minimap ping | 1 |


| Potion of Healing | 2 | 300 |
| total: | 2 | 300g |
| Acolyte | 15 | 1125 | / | 0 |
| Ghoul | 5 | 600 | / | 0 |
| Crypt Fiend | 11 | 2365 | / | 440 |
| Frost Wyrm | 20 | 7700 | / | 2400 |
| total: | 51 | 11790g | / | 2840w |
| Nerubian Tower | 1 | 100 | / | 20 |
| Spirit Tower | 2 | 290 | / | 80 |
| Altar of Darkness | 1 | 180 | / | 50 |
| Crypt | 1 | 200 | / | 50 |
| Ziggurat | 9 | 1350 | / | 450 |
| Graveyard | 1 | 215 | / | 0 |
| Tomb of Relics | 1 | 130 | / | 30 |
| Temple of the Damned | 1 | 155 | / | 140 |
| Slaughterhouse | 1 | 140 | / | 135 |
| Sacrificial Pit | 1 | 75 | / | 150 |
| Boneyard | 2 | 350 | / | 400 |
| Halls of the Dead | 1 | 320 | / | 210 |
| Black Citadel | 1 | 325 | / | 230 |
| total: | 18 | 2795g | / | 1405w |
| 0:10 | Acolyte |
| 0:15 | Altar of Darkness |
| 0:19 | Acolyte |
| 0:30 | Crypt |
| 0:41 | Ziggurat |
| 1:03 | Acolyte |
| 1:23 | Ziggurat |
| 1:49 | Graveyard |
| 1:52 | Ghoul |
| 2:03 | Ghoul |
| 2:05 | Ghoul |
| 2:16 | Ghoul |
| 2:47 | Impale |
| 2:54 | Ziggurat |
| 2:58 | Nerubian Tower |
| 3:14 | Halls of the Dead |
| 3:25 | Ghoul |
| 3:42 | Ziggurat |
| 4:36 | Crypt Fiend |
| 4:36 | Crypt Fiend |
| 4:44 | Tomb of Relics |
| 5:46 | Crypt Fiend |
| 5:46 | Crypt Fiend |
| 6:29 | Black Citadel |
| 6:35 | Temple of the Damned |
| 6:40 | Crypt Fiend |
| 7:47 | Crypt Fiend |
| 7:47 | Crypt Fiend |
| 7:52 | Slaughterhouse |
| 8:01 | Potion of Healing |
| 8:01 | Potion of Healing |
| 8:38 | Spiked Carapace |
| 11:27 | Acolyte |
| 11:50 | Death Coil |
| 11:57 | Sacrificial Pit |
| 12:09 | Ziggurat |
| 12:22 | Crypt Fiend |
| 12:22 | Crypt Fiend |
| 12:22 | Crypt Fiend |
| 12:22 | Crypt Fiend |
| 13:43 | Boneyard |
| 13:50 | Boneyard |
| 13:56 | Ziggurat |
| 14:02 | Ziggurat |
| 14:32 | Spirit Tower |
| 14:34 | Spirit Tower |
| 14:46 | Ziggurat |
| 15:04 | Freezing Breath |
| 15:05 | Frost Wyrm |
| 15:24 | Ziggurat |
| 15:48 | Frost Wyrm |
| 16:21 | Unholy Strength |
| 16:22 | Creature Attack |
| 17:15 | Frost Wyrm |
| 18:11 | Frost Wyrm |
| 19:30 | Impale |
| 19:39 | Death Pact |
| 19:43 | Frost Wyrm |
| 22:06 | Acolyte |
| 22:06 | Acolyte |
| 22:07 | Acolyte |
| 22:07 | Acolyte |
| 22:07 | Acolyte |
| 23:36 | Frost Wyrm |
| 23:52 | Frost Wyrm |
| 26:30 | Frost Wyrm |
| 27:44 | Frost Wyrm |
| 27:45 | Frost Wyrm |
| 28:54 | Frost Wyrm |
| 31:11 | Acolyte |
| 31:11 | Acolyte |
| 31:11 | Acolyte |
| 31:12 | Acolyte |
| 31:12 | Acolyte |
| 31:12 | Acolyte |
| 32:34 | Frost Wyrm |
| 32:36 | Frost Wyrm |
| 34:38 | Frost Wyrm |
| 35:25 | Frost Wyrm |
| 38:57 | Frost Wyrm |
| 39:30 | Frost Wyrm |
| 44:27 | Frost Wyrm |
| 44:27 | Frost Wyrm |
| 44:28 | Frost Wyrm |
| Right click | 854 |
| Select | 414 |
| Build/train/purchase | 76 |
| Use ability | 24 |
| Select group | 9 |
| Assign group | 7 |
| Resource trade | 4 |
| Esc | 2 |
137 units @ 12.7k
/ 0.8k
865 buildings @ 36.8k
/ 22k
⇛
iggythefisk
(55:17) : 


| Lesser Clarity Potion | 3 | 210 |
| Scroll of Regeneration | 2 | 200 |
| Staff of Sanctuary | 3 | 750 |
| Boots of Speed | 3 | 750 |
| Staff of Teleportation | 3 | 450 |
| Potion of Lesser Invulnerability | 1 | 150 |
| total: | 15 | 2510g |
| Peasant | 25 | 1875 | / | 0 |
| Priest | 2 | 270 | / | 20 |
| Sorceress | 1 | 155 | / | 20 |
| total: | 28 | 2300g | / | 40w |
| Scout Tower | 143 | 4290 | / | 2860 |
| Arcane Tower | 12 | 840 | / | 600 |
| Guard Tower | 61 | 4270 | / | 3050 |
| Altar of Kings | 1 | 180 | / | 50 |
| Lumber Mill | 1 | 120 | / | 0 |
| Farm | 6 | 480 | / | 120 |
| Arcane Vault | 3 | 390 | / | 90 |
| Town Hall | 3 | 1155 | / | 615 |
| Arcane Sanctum | 1 | 150 | / | 140 |
| Keep | 1 | 320 | / | 210 |
| Castle | 1 | 360 | / | 210 |
| total: | 158 | 6765g | / | 3875w |
| 0:01 | Peasant |
| 0:04 | Altar of Kings |
| 0:05 | Peasant |
| 0:18 | Lumber Mill |
| 0:23 | Peasant |
| 0:33 | Farm |
| 0:36 | Peasant |
| 0:50 | Peasant |
| 1:11 | Farm |
| 1:12 | Peasant |
| 1:22 | Scout Tower |
| 1:23 | Peasant |
| 1:31 | Peasant |
| 1:46 | Peasant |
| 1:51 | Arcane Tower |
| 1:53 | Scout Tower |
| 1:59 | Peasant |
| 2:05 | Storm Bolt |
| 2:15 | Scout Tower |
| 2:19 | Guard Tower |
| 2:21 | Scout Tower |
| 2:27 | Scout Tower |
| 2:29 | Peasant |
| 2:38 | Peasant |
| 2:38 | Peasant |
| 2:43 | Scout Tower |
| 2:44 | Guard Tower |
| 3:01 | Guard Tower |
| 3:02 | Scout Tower |
| 3:10 | Guard Tower |
| 3:12 | Peasant |
| 3:13 | Scout Tower |
| 3:27 | Arcane Tower |
| 3:30 | Scout Tower |
| 3:36 | Guard Tower |
| 3:37 | Scout Tower |
| 3:50 | Boots of Speed |
| 3:54 | Staff of Teleportation |
| 4:01 | Arcane Vault |
| 4:05 | Guard Tower |
| 4:07 | Guard Tower |
| 4:21 | Scout Tower |
| 4:32 | Improved Masonry |
| 4:33 | Guard Tower |
| 4:56 | Scout Tower |
| 5:40 | Keep |
| 5:45 | Town Hall |
| 5:50 | Scout Tower |
| 5:50 | Scout Tower |
| 5:51 | Scout Tower |
| 5:51 | Scout Tower |
| 5:56 | Guard Tower |
| 6:11 | Thunder Clap |
| 6:19 | Scout Tower |
| 6:20 | Scout Tower |
| 6:20 | Guard Tower |
| 6:25 | Scout Tower |
| 6:46 | Scout Tower |
| 6:47 | Scout Tower |
| 6:55 | Guard Tower |
| 6:56 | Guard Tower |
| 6:58 | Arcane Tower |
| 7:14 | Guard Tower |
| 7:23 | Arcane Tower |
| 7:42 | Guard Tower |
| 7:43 | Peasant |
| 7:43 | Peasant |
| 7:47 | Scout Tower |
| 7:47 | Scout Tower |
| 7:48 | Scout Tower |
| 7:48 | Scout Tower |
| 7:55 | Arcane Vault |
| 8:01 | Peasant |
| 8:01 | Peasant |
| 8:04 | Improved Lumber Harvesting |
| 8:19 | Arcane Tower |
| 8:20 | Guard Tower |
| 8:24 | Peasant |
| 8:24 | Peasant |
| 8:28 | Guard Tower |
| 8:48 | Scout Tower |
| 8:49 | Scout Tower |
| 8:59 | Advanced Masonry |
| 9:16 | Peasant |
| 9:18 | Guard Tower |
| 9:23 | Farm |
| 9:47 | Holy Light |
| 9:53 | Farm |
| 9:55 | Castle |
| 9:57 | Guard Tower |
| 9:58 | Scout Tower |
| 10:00 | Scout Tower |
| 10:17 | Guard Tower |
| 10:18 | Guard Tower |
| 10:31 | Storm Bolt |
| 10:40 | Arcane Sanctum |
| 10:45 | Scout Tower |
| 10:45 | Scout Tower |
| 10:59 | Guard Tower |
| 11:01 | Scout Tower |
| 11:02 | Scout Tower |
| 11:04 | Peasant |
| 11:04 | Peasant |
| 11:18 | Guard Tower |
| 11:34 | Arcane Tower |
| 12:07 | Guard Tower |
| 12:08 | Scout Tower |
| 12:09 | Scout Tower |
| 12:15 | Scout Tower |
| 12:15 | Scout Tower |
| 12:17 | Magic Sentry |
| 12:58 | Guard Tower |
| 12:59 | Priest |
| 13:01 | Imbued Masonry |
| 13:02 | Arcane Tower |
| 13:10 | Guard Tower |
| 13:11 | Scout Tower |
| 13:12 | Scout Tower |
| 13:28 | Guard Tower |
| 13:31 | Lesser Clarity Potion |
| 13:32 | Scroll of Regeneration |
| 13:39 | Scout Tower |
| 13:40 | Scout Tower |
| 13:41 | Scout Tower |
| 13:41 | Scout Tower |
| 14:15 | Arcane Tower |
| 14:30 | Guard Tower |
| 14:38 | Guard Tower |
| 14:47 | Priest |
| 14:48 | Priest Adept Training |
| 14:49 | Sorceress Adept Training |
| 14:50 | Sorceress |
| 14:54 | Farm |
| 14:55 | Farm |
| 15:07 | Guard Tower |
| 15:24 | Guard Tower |
| 15:26 | Scout Tower |
| 15:28 | Scout Tower |
| 15:29 | Scout Tower |
| 15:30 | Scout Tower |
| 15:30 | Scout Tower |
| 15:32 | Siphon Mana |
| 16:09 | Arcane Vault |
| 16:50 | Town Hall |
| 16:53 | Scout Tower |
| 16:54 | Scout Tower |
| 16:54 | Scout Tower |
| 16:55 | Scout Tower |
| 16:56 | Scout Tower |
| 16:56 | Scout Tower |
| 16:57 | Scout Tower |
| 16:57 | Scout Tower |
| 16:58 | Scout Tower |
| 17:17 | Guard Tower |
| 17:17 | Arcane Tower |
| 17:32 | Boots of Speed |
| 17:32 | Staff of Teleportation |
| 17:37 | Boots of Speed |
| 17:52 | Staff of Sanctuary |
| 19:10 | Thunder Clap |
| 19:38 | Guard Tower |
| 19:41 | Scout Tower |
| 19:42 | Scout Tower |
| 19:48 | Staff of Sanctuary |
| 20:03 | Arcane Tower |
| 20:04 | Guard Tower |
| 20:13 | Staff of Sanctuary |
| 20:18 | Staff of Teleportation |
| 20:36 | Scout Tower |
| 20:36 | Scout Tower |
| 20:38 | Guard Tower |
| 20:40 | Scout Tower |
| 20:40 | Scout Tower |
| 20:41 | Scout Tower |
| 20:42 | Scout Tower |
| 20:42 | Scout Tower |
| 20:55 | Divine Shield |
| 21:12 | Banish |
| 23:21 | Guard Tower |
| 23:29 | Scout Tower |
| 23:30 | Scout Tower |
| 23:31 | Scout Tower |
| 23:31 | Scout Tower |
| 23:32 | Scout Tower |
| 23:32 | Scout Tower |
| 24:45 | Potion of Lesser Invulnerability |
| 25:04 | Sorceress Master Training |
| 25:04 | Priest Master Training |
| 27:07 | Guard Tower |
| 27:09 | Scout Tower |
| 27:09 | Scout Tower |
| 27:10 | Scout Tower |
| 27:10 | Scout Tower |
| 27:11 | Scout Tower |
| 27:11 | Scout Tower |
| 27:41 | Scout Tower |
| 27:42 | Scout Tower |
| 30:32 | Holy Light |
| 31:26 | Guard Tower |
| 31:30 | Guard Tower |
| 31:37 | Scroll of Regeneration |
| 31:40 | Lesser Clarity Potion |
| 31:46 | Lesser Clarity Potion |
| 32:15 | Storm Bolt |
| 33:25 | Siphon Mana |
| 34:46 | Scout Tower |
| 34:47 | Scout Tower |
| 34:49 | Scout Tower |
| 34:52 | Scout Tower |
| 34:52 | Scout Tower |
| 34:56 | Scout Tower |
| 34:56 | Scout Tower |
| 35:21 | Guard Tower |
| 35:52 | Peasant |
| 35:52 | Peasant |
| 35:55 | Arcane Tower |
| 36:09 | Guard Tower |
| 36:31 | Scout Tower |
| 36:32 | Scout Tower |
| 36:33 | Guard Tower |
| 36:35 | Scout Tower |
| 36:37 | Scout Tower |
| 36:38 | Scout Tower |
| 36:48 | Guard Tower |
| 37:14 | Guard Tower |
| 38:40 | Guard Tower |
| 38:55 | Guard Tower |
| 40:46 | Scout Tower |
| 40:47 | Scout Tower |
| 40:48 | Guard Tower |
| 40:49 | Scout Tower |
| 40:50 | Scout Tower |
| 40:53 | Town Hall |
| 40:58 | Scout Tower |
| 41:01 | Scout Tower |
| 41:01 | Scout Tower |
| 41:02 | Scout Tower |
| 41:03 | Scout Tower |
| 41:03 | Scout Tower |
| 41:04 | Scout Tower |
| 41:04 | Scout Tower |
| 41:04 | Scout Tower |
| 41:39 | Guard Tower |
| 41:44 | Guard Tower |
| 41:46 | Scout Tower |
| 41:47 | Scout Tower |
| 41:47 | Scout Tower |
| 41:48 | Scout Tower |
| 41:49 | Scout Tower |
| 41:50 | Scout Tower |
| 41:50 | Scout Tower |
| 41:50 | Scout Tower |
| 41:51 | Scout Tower |
| 41:51 | Scout Tower |
| 41:52 | Scout Tower |
| 41:56 | Scout Tower |
| 41:57 | Scout Tower |
| 41:58 | Scout Tower |
| 42:02 | Scout Tower |
| 42:07 | Scout Tower |
| 42:08 | Scout Tower |
| 42:16 | Scout Tower |
| 42:17 | Scout Tower |
| 42:17 | Scout Tower |
| 42:18 | Scout Tower |
| 42:18 | Scout Tower |
| 42:19 | Scout Tower |
| 42:30 | Arcane Tower |
| 42:35 | Guard Tower |
| 43:09 | Guard Tower |
| 43:22 | Guard Tower |
| 43:38 | Scout Tower |
| 43:43 | Scout Tower |
| 43:50 | Guard Tower |
| 44:07 | Guard Tower |
| 44:11 | Guard Tower |
| 44:14 | Scout Tower |
| 44:16 | Scout Tower |
| 44:17 | Scout Tower |
| 44:18 | Scout Tower |
| 44:19 | Scout Tower |
| 44:24 | Divine Shield |
| 45:01 | Guard Tower |
| 45:05 | Scout Tower |
| 45:13 | Guard Tower |
| 45:30 | Guard Tower |
| 45:33 | Scout Tower |
| 45:34 | Scout Tower |
| 46:02 | Guard Tower |
| 46:28 | Guard Tower |
| 46:31 | Scout Tower |
| 46:32 | Scout Tower |
| 46:33 | Scout Tower |
| 46:33 | Scout Tower |
| 46:34 | Scout Tower |
| 47:08 | Guard Tower |
| 47:58 | Banish |
| 48:35 | Guard Tower |
| 50:13 | Advanced Lumber Harvesting |
| 54:23 | Avatar |
| Right click | 3479 |
| Select group | 2199 |
| Select | 696 |
| Chat | 470 |
| Assign group | 337 |
| Build/train/purchase | 269 |
| Resource trade | 239 |
| Use ability | 176 |
| Misc. action | 33 |
| Item give/drop | 9 |
| Minimap ping | 2 |
| Remove unit | 1 |



| Scroll of Regeneration | 3 | 300 |
| Staff of Sanctuary | 3 | 750 |
| Orb of Fire | 2 | 650 |
| Staff of Teleportation | 3 | 450 |
| Periapt of Vitality | 2 | 650 |
| Boots of Speed | 1 | 250 |
| total: | 14 | 3050g |
| Peasant | 54 | 4050 | / | 0 |
| Priest | 1 | 135 | / | 10 |
| Goblin Zeppelin | 1 | 240 | / | 60 |
| total: | 56 | 4425g | / | 70w |
| Scout Tower | 209 | 6270 | / | 4180 |
| Guard Tower | 85 | 5950 | / | 4250 |
| Arcane Tower | 1 | 70 | / | 50 |
| Altar of Kings | 1 | 180 | / | 50 |
| Farm | 10 | 800 | / | 200 |
| Lumber Mill | 2 | 240 | / | 0 |
| Arcane Vault | 1 | 130 | / | 30 |
| Town Hall | 7 | 2695 | / | 1435 |
| Blacksmith | 1 | 140 | / | 60 |
| Arcane Sanctum | 1 | 150 | / | 140 |
| Workshop | 2 | 280 | / | 280 |
| Keep | 1 | 320 | / | 210 |
| Castle | 1 | 360 | / | 210 |
| total: | 234 | 10885g | / | 6375w |
| 0:00 | Peasant |
| 0:03 | Altar of Kings |
| 0:13 | Peasant |
| 0:17 | Farm |
| 0:22 | Peasant |
| 0:34 | Lumber Mill |
| 0:37 | Peasant |
| 1:03 | Peasant |
| 1:08 | Peasant |
| 1:14 | Scout Tower |
| 1:37 | Scout Tower |
| 1:40 | Scout Tower |
| 1:41 | Scout Tower |
| 1:42 | Scout Tower |
| 1:44 | Guard Tower |
| 1:44 | Peasant |
| 1:46 | Peasant |
| 2:04 | Arcane Tower |
| 2:06 | Peasant |
| 2:22 | Farm |
| 2:29 | Guard Tower |
| 2:38 | Scout Tower |
| 2:39 | Scout Tower |
| 2:51 | Blizzard |
| 3:01 | Guard Tower |
| 3:08 | Scout Tower |
| 3:09 | Scout Tower |
| 3:09 | Scout Tower |
| 3:13 | Peasant |
| 3:15 | Peasant |
| 3:17 | Farm |
| 3:17 | Farm |
| 3:40 | Peasant |
| 3:51 | Guard Tower |
| 3:54 | Scout Tower |
| 3:54 | Scout Tower |
| 3:57 | Peasant |
| 4:20 | Guard Tower |
| 4:42 | Peasant |
| 4:47 | Peasant |
| 4:52 | Guard Tower |
| 5:36 | Brilliance Aura |
| 5:39 | Peasant |
| 5:40 | Peasant |
| 5:56 | Scout Tower |
| 6:00 | Scout Tower |
| 6:01 | Scout Tower |
| 6:01 | Scout Tower |
| 6:05 | Scout Tower |
| 6:08 | Peasant |
| 6:11 | Scout Tower |
| 6:12 | Scout Tower |
| 6:19 | Peasant |
| 6:28 | Guard Tower |
| 6:35 | Guard Tower |
| 6:36 | Guard Tower |
| 6:37 | Guard Tower |
| 6:44 | Peasant |
| 6:47 | Guard Tower |
| 6:50 | Scout Tower |
| 6:53 | Guard Tower |
| 7:02 | Scout Tower |
| 7:03 | Scout Tower |
| 7:14 | Arcane Vault |
| 7:31 | Guard Tower |
| 8:09 | Scout Tower |
| 8:10 | Scout Tower |
| 8:16 | Scout Tower |
| 8:17 | Scout Tower |
| 8:17 | Scout Tower |
| 8:18 | Scout Tower |
| 8:22 | Scroll of Regeneration |
| 8:37 | Farm |
| 8:37 | Farm |
| 8:46 | Keep |
| 8:47 | Improved Masonry |
| 8:50 | Guard Tower |
| 8:51 | Guard Tower |
| 8:51 | Scout Tower |
| 8:52 | Scout Tower |
| 8:54 | Scout Tower |
| 9:15 | Blizzard |
| 9:20 | Town Hall |
| 9:21 | Guard Tower |
| 9:21 | Guard Tower |
| 9:27 | Guard Tower |
| 9:34 | Scout Tower |
| 9:35 | Scout Tower |
| 9:50 | Guard Tower |
| 9:59 | Staff of Teleportation |
| 10:17 | Guard Tower |
| 10:49 | Scout Tower |
| 10:50 | Scout Tower |
| 10:50 | Scout Tower |
| 10:51 | Scout Tower |
| 10:52 | Scout Tower |
| 10:52 | Scout Tower |
| 10:53 | Scout Tower |
| 11:23 | Guard Tower |
| 11:25 | Peasant |
| 11:27 | Lumber Mill |
| 11:28 | Farm |
| 11:30 | Advanced Masonry |
| 11:30 | Improved Lumber Harvesting |
| 11:35 | Peasant |
| 11:35 | Peasant |
| 11:41 | Scout Tower |
| 11:42 | Scout Tower |
| 11:42 | Scout Tower |
| 11:46 | Scout Tower |
| 11:47 | Scout Tower |
| 11:56 | Guard Tower |
| 12:20 | Guard Tower |
| 12:55 | Scout Tower |
| 12:56 | Scout Tower |
| 12:56 | Scout Tower |
| 13:28 | Guard Tower |
| 13:31 | Scout Tower |
| 13:33 | Guard Tower |
| 13:36 | Scout Tower |
| 13:37 | Scout Tower |
| 13:41 | Storm Bolt |
| 13:59 | Castle |
| 14:09 | Guard Tower |
| 14:09 | Guard Tower |
| 14:10 | Scout Tower |
| 14:35 | Farm |
| 14:41 | Scout Tower |
| 14:43 | Scout Tower |
| 14:44 | Scout Tower |
| 14:58 | Guard Tower |
| 15:08 | Guard Tower |
| 15:10 | Town Hall |
| 15:12 | Scout Tower |
| 15:12 | Scout Tower |
| 15:13 | Scout Tower |
| 15:13 | Scout Tower |
| 15:14 | Scout Tower |
| 15:26 | Staff of Teleportation |
| 16:09 | Guard Tower |
| 16:09 | Guard Tower |
| 16:28 | Staff of Sanctuary |
| 16:31 | Scroll of Regeneration |
| 16:34 | Guard Tower |
| 16:36 | Scout Tower |
| 16:40 | Town Hall |
| 16:42 | Scout Tower |
| 16:43 | Scout Tower |
| 16:57 | Scout Tower |
| 17:14 | Imbued Masonry |
| 17:29 | Holy Light |
| 17:33 | Scout Tower |
| 17:34 | Scout Tower |
| 17:44 | Scout Tower |
| 18:09 | Guard Tower |
| 18:10 | Scout Tower |
| 18:11 | Scout Tower |
| 18:12 | Guard Tower |
| 18:13 | Scout Tower |
| 18:14 | Scout Tower |
| 18:14 | Scout Tower |
| 18:14 | Scout Tower |
| 18:14 | Scout Tower |
| 18:16 | Scout Tower |
| 18:16 | Scout Tower |
| 18:42 | Guard Tower |
| 18:48 | Guard Tower |
| 18:59 | Guard Tower |
| 19:00 | Scout Tower |
| 19:13 | Guard Tower |
| 19:25 | Peasant |
| 19:39 | Guard Tower |
| 20:05 | Peasant |
| 20:37 | Peasant |
| 20:38 | Peasant |
| 21:31 | Town Hall |
| 22:17 | Bash |
| 22:35 | Scroll of Regeneration |
| 22:37 | Staff of Sanctuary |
| 22:42 | Scout Tower |
| 22:42 | Scout Tower |
| 22:43 | Scout Tower |
| 22:44 | Scout Tower |
| 22:44 | Scout Tower |
| 23:02 | Orb of Fire |
| 23:11 | Guard Tower |
| 23:12 | Peasant |
| 23:12 | Peasant |
| 23:13 | Scout Tower |
| 23:13 | Scout Tower |
| 23:14 | Scout Tower |
| 23:30 | Arcane Sanctum |
| 23:34 | Peasant |
| 23:34 | Peasant |
| 23:37 | Guard Tower |
| 23:39 | Scout Tower |
| 23:40 | Scout Tower |
| 23:41 | Scout Tower |
| 23:42 | Scout Tower |
| 23:44 | Peasant |
| 23:45 | Guard Tower |
| 24:09 | Guard Tower |
| 24:17 | Guard Tower |
| 24:18 | Peasant |
| 24:22 | Brilliance Aura |
| 24:35 | Guard Tower |
| 24:39 | Scout Tower |
| 24:41 | Peasant |
| 24:49 | Scout Tower |
| 24:49 | Scout Tower |
| 24:50 | Scout Tower |
| 24:51 | Scout Tower |
| 25:08 | Guard Tower |
| 25:13 | Scout Tower |
| 25:17 | Staff of Sanctuary |
| 25:18 | Orb of Fire |
| 25:28 | Guard Tower |
| 26:22 | Magic Sentry |
| 26:50 | Scout Tower |
| 27:29 | Peasant |
| 27:35 | Scout Tower |
| 27:35 | Scout Tower |
| 27:36 | Scout Tower |
| 27:36 | Scout Tower |
| 27:37 | Peasant |
| 27:37 | Peasant |
| 27:41 | Guard Tower |
| 27:44 | Scout Tower |
| 27:44 | Scout Tower |
| 27:53 | Scout Tower |
| 27:54 | Scout Tower |
| 27:56 | Scout Tower |
| 28:19 | Divine Shield |
| 29:03 | Guard Tower |
| 29:04 | Scout Tower |
| 29:05 | Scout Tower |
| 29:06 | Scout Tower |
| 29:21 | Blizzard |
| 29:25 | Peasant |
| 31:06 | Scout Tower |
| 31:07 | Scout Tower |
| 31:15 | Scout Tower |
| 31:16 | Scout Tower |
| 31:16 | Scout Tower |
| 31:17 | Scout Tower |
| 31:17 | Scout Tower |
| 31:36 | Scout Tower |
| 31:36 | Scout Tower |
| 31:37 | Scout Tower |
| 31:37 | Scout Tower |
| 31:38 | Scout Tower |
| 31:39 | Scout Tower |
| 31:47 | Scout Tower |
| 31:48 | Guard Tower |
| 31:50 | Scout Tower |
| 31:51 | Scout Tower |
| 31:52 | Scout Tower |
| 31:53 | Scout Tower |
| 31:53 | Scout Tower |
| 31:55 | Scout Tower |
| 31:57 | Scout Tower |
| 32:06 | Scout Tower |
| 32:08 | Scout Tower |
| 32:10 | Scout Tower |
| 32:23 | Guard Tower |
| 32:25 | Scout Tower |
| 32:25 | Scout Tower |
| 32:26 | Scout Tower |
| 32:27 | Scout Tower |
| 32:28 | Scout Tower |
| 32:59 | Guard Tower |
| 33:31 | Storm Bolt |
| 34:40 | Scout Tower |
| 34:41 | Scout Tower |
| 34:41 | Scout Tower |
| 34:43 | Scout Tower |
| 34:44 | Scout Tower |
| 35:01 | Priest |
| 35:03 | Advanced Lumber Harvesting |
| 35:47 | Guard Tower |
| 35:51 | Scout Tower |
| 35:52 | Scout Tower |
| 35:52 | Scout Tower |
| 35:53 | Scout Tower |
| 35:53 | Scout Tower |
| 35:54 | Scout Tower |
| 35:55 | Scout Tower |
| 36:18 | Guard Tower |
| 36:21 | Scout Tower |
| 36:22 | Scout Tower |
| 36:22 | Scout Tower |
| 36:23 | Scout Tower |
| 36:24 | Scout Tower |
| 36:24 | Scout Tower |
| 36:25 | Scout Tower |
| 36:46 | Periapt of Vitality |
| 39:05 | Staff of Teleportation |
| 39:07 | Boots of Speed |
| 39:09 | Periapt of Vitality |
| 41:33 | Holy Light |
| 41:35 | Goblin Zeppelin |
| 45:01 | Scout Tower |
| 45:02 | Scout Tower |
| 45:03 | Scout Tower |
| 45:03 | Scout Tower |
| 45:04 | Scout Tower |
| 45:04 | Scout Tower |
| 45:05 | Scout Tower |
| 45:06 | Scout Tower |
| 45:06 | Scout Tower |
| 45:07 | Scout Tower |
| 45:07 | Scout Tower |
| 45:08 | Scout Tower |
| 45:09 | Town Hall |
| 45:41 | Mass Teleport |
| 45:57 | Divine Shield |
| 46:19 | Guard Tower |
| 46:20 | Scout Tower |
| 46:21 | Scout Tower |
| 46:21 | Scout Tower |
| 46:22 | Scout Tower |
| 46:23 | Scout Tower |
| 46:24 | Scout Tower |
| 46:38 | Guard Tower |
| 46:49 | Bash |
| 46:59 | Guard Tower |
| 47:02 | Scout Tower |
| 47:03 | Scout Tower |
| 47:03 | Scout Tower |
| 47:03 | Scout Tower |
| 47:56 | Blacksmith |
| 48:06 | Guard Tower |
| 48:08 | Guard Tower |
| 48:21 | Town Hall |
| 48:51 | Guard Tower |
| 48:52 | Scout Tower |
| 48:54 | Scout Tower |
| 49:06 | Town Hall |
| 49:18 | Workshop |
| 49:19 | Workshop |
| 49:24 | Peasant |
| 49:24 | Peasant |
| 49:24 | Peasant |
| 49:42 | Peasant |
| 49:42 | Peasant |
| 49:51 | Peasant |
| 50:24 | Farm |
| 50:25 | Farm |
| 50:27 | Flying Machine Bombs |
| 50:29 | Black Gunpowder |
| 50:32 | Peasant |
| 50:32 | Peasant |
| 51:11 | Scout Tower |
| 51:15 | Scout Tower |
| 51:28 | Peasant |
| 51:28 | Peasant |
| 51:35 | Scout Tower |
| 51:35 | Scout Tower |
| 51:43 | Guard Tower |
| 51:53 | Guard Tower |
| 51:54 | Scout Tower |
| 51:57 | Scout Tower |
| 52:01 | Scout Tower |
| 52:06 | Scout Tower |
| 52:07 | Scout Tower |
| 52:07 | Scout Tower |
| 52:10 | Scout Tower |
| 52:11 | Scout Tower |
| 52:11 | Scout Tower |
| 52:13 | Guard Tower |
| 52:18 | Peasant |
| 52:18 | Peasant |
| 52:19 | Peasant |
| 52:20 | Peasant |
| 52:25 | Guard Tower |
| 52:28 | Scout Tower |
| 52:29 | Scout Tower |
| 52:30 | Scout Tower |
| 52:30 | Scout Tower |
| 52:32 | Scout Tower |
| 52:35 | Guard Tower |
| 52:36 | Peasant |
| 52:37 | Peasant |
| 52:46 | Guard Tower |
| 52:49 | Guard Tower |
| 52:57 | Scout Tower |
| 52:57 | Scout Tower |
| 53:01 | Guard Tower |
| 53:03 | Guard Tower |
| 53:04 | Guard Tower |
| 53:06 | Guard Tower |
| 53:30 | Guard Tower |
| 53:40 | Guard Tower |
| 53:46 | Scout Tower |
| 53:46 | Scout Tower |
| 53:48 | Scout Tower |
| 53:48 | Scout Tower |
| 53:53 | Guard Tower |
| 53:56 | Scout Tower |
| 53:58 | Scout Tower |
| 53:59 | Scout Tower |
| 54:46 | Guard Tower |
| 54:48 | Scout Tower |
| 54:50 | Scout Tower |
| 54:50 | Guard Tower |
| 54:54 | Guard Tower |
| Right click | 3213 |
| Select | 1715 |
| Select group | 555 |
| Build/train/purchase | 315 |
| Chat | 269 |
| Assign group | 260 |
| Use ability | 152 |
| Misc. action | 42 |
| Minimap ping | 20 |
| Item give/drop | 4 |



| Scroll of Regeneration | 2 | 200 |
| Mechanical Critter | 1 | 50 |
| Potion of Healing | 5 | 750 |
| Lesser Clarity Potion | 3 | 210 |
| Staff of Sanctuary | 3 | 750 |
| Orb of Fire | 2 | 650 |
| Potion of Mana | 2 | 400 |
| Staff of Teleportation | 3 | 450 |
| Boots of Speed | 3 | 750 |
| Periapt of Vitality | 2 | 650 |
| Circlet of Nobility | 1 | 175 |
| total: | 27 | 5035g |
| Peasant | 19 | 1425 | / | 0 |
| Priest | 1 | 135 | / | 10 |
| Dragonhawk Rider | 5 | 1000 | / | 150 |
| Siege Engine | 3 | 585 | / | 180 |
| Goblin Shredder | 1 | 375 | / | 100 |
| total: | 29 | 3520g | / | 440w |
| Scout Tower | 96 | 2880 | / | 1920 |
| Arcane Tower | 8 | 560 | / | 400 |
| Guard Tower | 77 | 5390 | / | 3850 |
| Altar of Kings | 1 | 180 | / | 50 |
| Farm | 11 | 880 | / | 220 |
| Lumber Mill | 1 | 120 | / | 0 |
| Arcane Vault | 2 | 260 | / | 60 |
| Town Hall | 2 | 770 | / | 410 |
| Blacksmith | 1 | 140 | / | 60 |
| Barracks | 1 | 160 | / | 60 |
| Arcane Sanctum | 1 | 150 | / | 140 |
| Gryphon Aviary | 2 | 280 | / | 300 |
| Workshop | 6 | 840 | / | 840 |
| Keep | 2 | 640 | / | 420 |
| Castle | 2 | 720 | / | 420 |
| total: | 124 | 6660g | / | 4060w |
| 0:02 | Peasant |
| 0:02 | Peasant |
| 0:07 | Altar of Kings |
| 0:13 | Peasant |
| 0:18 | Farm |
| 0:26 | Peasant |
| 0:35 | Peasant |
| 0:56 | Lumber Mill |
| 1:02 | Peasant |
| 1:08 | Scout Tower |
| 1:19 | Farm |
| 1:24 | Peasant |
| 1:26 | Peasant |
| 1:36 | Arcane Tower |
| 1:46 | Peasant |
| 1:49 | Scout Tower |
| 1:52 | Scout Tower |
| 1:58 | Peasant |
| 2:05 | Blizzard |
| 2:31 | Arcane Tower |
| 2:33 | Scout Tower |
| 3:07 | Guard Tower |
| 3:09 | Scout Tower |
| 3:09 | Scout Tower |
| 3:18 | Scout Tower |
| 3:18 | Scout Tower |
| 3:20 | Scout Tower |
| 3:20 | Scout Tower |
| 3:20 | Peasant |
| 3:21 | Peasant |
| 3:21 | Peasant |
| 3:21 | Peasant |
| 3:40 | Guard Tower |
| 3:42 | Scout Tower |
| 4:02 | Arcane Vault |
| 4:03 | Brilliance Aura |
| 4:21 | Keep |
| 4:23 | Guard Tower |
| 4:23 | Guard Tower |
| 4:55 | Guard Tower |
| 5:00 | Guard Tower |
| 5:00 | Guard Tower |
| 5:04 | Farm |
| 5:05 | Farm |
| 5:06 | Improved Masonry |
| 5:10 | Guard Tower |
| 5:13 | Scout Tower |
| 5:14 | Scout Tower |
| 5:19 | Scroll of Regeneration |
| 5:21 | Mechanical Critter |
| 5:46 | Scroll of Regeneration |
| 5:49 | Guard Tower |
| 6:03 | Staff of Teleportation |
| 6:03 | Boots of Speed |
| 6:16 | Scout Tower |
| 6:17 | Scout Tower |
| 6:19 | Guard Tower |
| 6:20 | Scout Tower |
| 6:21 | Scout Tower |
| 6:47 | Guard Tower |
| 7:45 | Guard Tower |
| 7:48 | Guard Tower |
| 7:49 | Scout Tower |
| 7:50 | Guard Tower |
| 7:51 | Scout Tower |
| 7:57 | Arcane Sanctum |
| 8:07 | Scout Tower |
| 8:08 | Scout Tower |
| 8:09 | Scout Tower |
| 8:09 | Scout Tower |
| 8:17 | Advanced Masonry |
| 8:20 | Potion of Healing |
| 8:25 | Guard Tower |
| 8:46 | Storm Bolt |
| 9:18 | Town Hall |
| 9:23 | Blizzard |
| 9:26 | Scout Tower |
| 9:27 | Scout Tower |
| 9:28 | Scout Tower |
| 9:28 | Scout Tower |
| 9:29 | Scout Tower |
| 9:30 | Scout Tower |
| 9:51 | Bash |
| 10:00 | Guard Tower |
| 10:00 | Guard Tower |
| 10:02 | Guard Tower |
| 10:08 | Lesser Clarity Potion |
| 10:46 | Guard Tower |
| 10:46 | Guard Tower |
| 10:47 | Scout Tower |
| 10:48 | Scout Tower |
| 10:48 | Scout Tower |
| 10:49 | Scout Tower |
| 10:50 | Scout Tower |
| 10:51 | Scout Tower |
| 11:14 | Guard Tower |
| 11:15 | Scout Tower |
| 11:17 | Scout Tower |
| 11:18 | Scout Tower |
| 11:20 | Peasant |
| 11:21 | Peasant |
| 11:21 | Peasant |
| 11:21 | Improved Lumber Harvesting |
| 11:22 | Advanced Lumber Harvesting |
| 11:38 | Peasant |
| 11:39 | Peasant |
| 11:50 | Lesser Clarity Potion |
| 11:52 | Potion of Healing |
| 12:06 | Castle |
| 12:38 | Goblin Shredder |
| 12:54 | Scout Tower |
| 13:29 | Magic Sentry |
| 13:30 | Priest |
| 13:31 | Scout Tower |
| 13:32 | Scout Tower |
| 13:34 | Scout Tower |
| 13:35 | Scout Tower |
| 13:35 | Scout Tower |
| 13:46 | Arcane Vault |
| 13:53 | Lesser Clarity Potion |
| 13:54 | Potion of Healing |
| 14:35 | Guard Tower |
| 14:35 | Guard Tower |
| 14:36 | Guard Tower |
| 14:36 | Guard Tower |
| 14:38 | Scout Tower |
| 14:38 | Scout Tower |
| 14:39 | Scout Tower |
| 14:40 | Guard Tower |
| 14:41 | Arcane Tower |
| 14:41 | Guard Tower |
| 14:42 | Arcane Tower |
| 14:44 | Arcane Tower |
| 14:45 | Arcane Tower |
| 14:46 | Guard Tower |
| 14:46 | Guard Tower |
| 14:46 | Guard Tower |
| 14:55 | Arcane Tower |
| 14:55 | Guard Tower |
| 14:56 | Guard Tower |
| 15:15 | Boots of Speed |
| 15:22 | Periapt of Vitality |
| 15:34 | Guard Tower |
| 15:36 | Guard Tower |
| 16:05 | Storm Bolt |
| 16:15 | Imbued Masonry |
| 16:15 | Guard Tower |
| 16:16 | Guard Tower |
| 16:23 | Staff of Sanctuary |
| 16:26 | Orb of Fire |
| 16:32 | Holy Light |
| 16:33 | Orb of Fire |
| 16:33 | Staff of Sanctuary |
| 16:44 | Brilliance Aura |
| 17:22 | Scout Tower |
| 17:22 | Scout Tower |
| 17:23 | Scout Tower |
| 17:23 | Scout Tower |
| 17:24 | Scout Tower |
| 17:26 | Guard Tower |
| 17:27 | Scout Tower |
| 17:27 | Scout Tower |
| 17:28 | Scout Tower |
| 17:29 | Scout Tower |
| 17:29 | Scout Tower |
| 19:32 | Scout Tower |
| 19:57 | Scout Tower |
| 19:58 | Scout Tower |
| 19:58 | Scout Tower |
| 19:59 | Scout Tower |
| 20:01 | Guard Tower |
| 20:20 | Potion of Healing |
| 20:20 | Staff of Sanctuary |
| 20:34 | Gryphon Aviary |
| 20:35 | Gryphon Aviary |
| 20:36 | Blacksmith |
| 20:38 | Barracks |
| 20:56 | Boots of Speed |
| 20:57 | Circlet of Nobility |
| 20:58 | Periapt of Vitality |
| 21:12 | Guard Tower |
| 22:07 | Animal War Training |
| 22:08 | Dragonhawk Rider |
| 22:09 | Dragonhawk Rider |
| 22:39 | Farm |
| 23:21 | Dragonhawk Rider |
| 23:45 | Iron Forged Swords |
| 23:45 | Studded Leather Armor |
| 24:41 | Scout Tower |
| 24:41 | Scout Tower |
| 24:42 | Scout Tower |
| 24:48 | Guard Tower |
| 25:06 | Steel Forged Swords |
| 25:37 | Guard Tower |
| 26:08 | Dragonhawk Rider |
| 26:09 | Cloud |
| 27:15 | Town Hall |
| 27:21 | Scout Tower |
| 27:22 | Scout Tower |
| 27:22 | Scout Tower |
| 27:23 | Scout Tower |
| 28:43 | Blizzard |
| 29:25 | Guard Tower |
| 29:39 | Guard Tower |
| 29:41 | Scout Tower |
| 29:41 | Scout Tower |
| 29:42 | Scout Tower |
| 29:45 | Scout Tower |
| 29:45 | Scout Tower |
| 29:46 | Scout Tower |
| 30:02 | Potion of Mana |
| 30:04 | Bash |
| 30:05 | Potion of Healing |
| 30:40 | Divine Shield |
| 31:04 | Scout Tower |
| 31:04 | Scout Tower |
| 31:05 | Scout Tower |
| 31:05 | Scout Tower |
| 31:06 | Scout Tower |
| 31:06 | Scout Tower |
| 31:06 | Scout Tower |
| 31:07 | Scout Tower |
| 31:13 | Guard Tower |
| 31:21 | Scout Tower |
| 31:22 | Scout Tower |
| 31:23 | Scout Tower |
| 31:24 | Scout Tower |
| 31:34 | Potion of Mana |
| 31:45 | Guard Tower |
| 32:30 | Arcane Tower |
| 32:31 | Guard Tower |
| 32:32 | Guard Tower |
| 33:01 | Guard Tower |
| 33:03 | Scout Tower |
| 33:03 | Scout Tower |
| 33:48 | Guard Tower |
| 33:50 | Scout Tower |
| 33:50 | Scout Tower |
| 33:50 | Scout Tower |
| 34:14 | Guard Tower |
| 34:29 | Guard Tower |
| 34:37 | Guard Tower |
| 34:51 | Guard Tower |
| 35:11 | Guard Tower |
| 35:12 | Scout Tower |
| 35:13 | Scout Tower |
| 35:14 | Scout Tower |
| 35:15 | Scout Tower |
| 35:42 | Staff of Teleportation |
| 36:08 | Storm Hammers |
| 36:09 | Mithril Forged Swords |
| 36:09 | Reinforced Leather Armor |
| 36:17 | Guard Tower |
| 38:50 | Dragonhawk Rider |
| 39:20 | Staff of Teleportation |
| 40:35 | Holy Light |
| 43:08 | Mass Teleport |
| 43:25 | Storm Bolt |
| 46:30 | Devotion Aura |
| 46:30 | Divine Shield |
| 48:01 | Farm |
| 48:03 | Black Gunpowder |
| 48:58 | Farm |
| 48:58 | Farm |
| 48:58 | Farm |
| 48:59 | Farm |
| 49:04 | Workshop |
| 49:05 | Workshop |
| 49:05 | Workshop |
| 49:08 | Workshop |
| 49:08 | Workshop |
| 49:10 | Workshop |
| 49:58 | Refined Gunpowder |
| 50:13 | Siege Engine |
| 50:13 | Siege Engine |
| 51:53 | Farm |
| 52:03 | Imbued Gunpowder |
| 53:54 | Siege Engine |
| Right click | 5306 |
| Select | 1352 |
| Select group | 970 |
| Chat | 904 |
| Build/train/purchase | 368 |
| Use ability | 180 |
| Misc. action | 39 |
| Assign group | 23 |
| Item give/drop | 17 |
| Minimap ping | 10 |



| Scroll of Regeneration | 6 | 600 |
| Staff of Sanctuary | 3 | 750 |
| Orb of Fire | 2 | 650 |
| Potion of Mana | 1 | 200 |
| Potion of Healing | 1 | 150 |
| Scroll of Town Portal | 1 | 350 |
| Boots of Speed | 4 | 1000 |
| Staff of Teleportation | 3 | 450 |
| Circlet of Nobility | 3 | 525 |
| Potion of Invisibility | 1 | 100 |
| Potion of Lesser Invulnerability | 1 | 150 |
| Periapt of Vitality | 2 | 650 |
| total: | 28 | 5575g |
| Peasant | 21 | 1575 | / | 0 |
| Priest | 1 | 135 | / | 10 |
| Goblin Shredder | 2 | 750 | / | 200 |
| total: | 24 | 2460g | / | 210w |
| Scout Tower | 332 | 9960 | / | 6640 |
| Arcane Tower | 2 | 140 | / | 100 |
| Guard Tower | 95 | 6650 | / | 4750 |
| Altar of Kings | 1 | 180 | / | 50 |
| Farm | 5 | 400 | / | 100 |
| Lumber Mill | 2 | 240 | / | 0 |
| Town Hall | 2 | 770 | / | 410 |
| Arcane Vault | 3 | 390 | / | 90 |
| Blacksmith | 1 | 140 | / | 60 |
| Barracks | 1 | 160 | / | 60 |
| Arcane Sanctum | 1 | 150 | / | 140 |
| Gryphon Aviary | 1 | 140 | / | 150 |
| Keep | 1 | 320 | / | 210 |
| Castle | 1 | 360 | / | 210 |
| total: | 349 | 12530g | / | 7700w |
| 0:03 | Peasant |
| 0:03 | Peasant |
| 0:06 | Altar of Kings |
| 0:10 | Farm |
| 0:26 | Peasant |
| 0:40 | Peasant |
| 0:46 | Farm |
| 0:58 | Scout Tower |
| 1:03 | Peasant |
| 1:05 | Lumber Mill |
| 1:26 | Peasant |
| 1:29 | Arcane Tower |
| 1:35 | Peasant |
| 1:43 | Scout Tower |
| 1:52 | Peasant |
| 1:52 | Peasant |
| 2:02 | Peasant |
| 2:02 | Peasant |
| 2:17 | Guard Tower |
| 2:19 | Scout Tower |
| 2:20 | Peasant |
| 2:28 | Blizzard |
| 2:39 | Farm |
| 2:48 | Guard Tower |
| 2:50 | Scout Tower |
| 3:13 | Peasant |
| 3:13 | Peasant |
| 3:25 | Scout Tower |
| 3:26 | Guard Tower |
| 3:47 | Peasant |
| 3:47 | Peasant |
| 3:53 | Guard Tower |
| 3:57 | Scout Tower |
| 4:26 | Scout Tower |
| 5:13 | Keep |
| 5:14 | Improved Masonry |
| 5:15 | Guard Tower |
| 5:17 | Scout Tower |
| 5:18 | Scout Tower |
| 5:18 | Scout Tower |
| 5:45 | Farm |
| 5:46 | Farm |
| 5:51 | Guard Tower |
| 6:11 | Brilliance Aura |
| 6:38 | Guard Tower |
| 6:40 | Scout Tower |
| 6:41 | Scout Tower |
| 6:42 | Scout Tower |
| 6:49 | Scroll of Regeneration |
| 6:50 | Scroll of Regeneration |
| 6:56 | Scout Tower |
| 6:57 | Scout Tower |
| 6:59 | Scout Tower |
| 6:59 | Scout Tower |
| 7:23 | Boots of Speed |
| 7:29 | Town Hall |
| 7:37 | Arcane Sanctum |
| 7:39 | Arcane Tower |
| 7:52 | Scout Tower |
| 7:59 | Scout Tower |
| 8:06 | Guard Tower |
| 8:23 | Guard Tower |
| 8:26 | Guard Tower |
| 8:46 | Storm Bolt |
| 8:49 | Guard Tower |
| 8:52 | Scout Tower |
| 8:52 | Scout Tower |
| 8:53 | Scout Tower |
| 8:55 | Peasant |
| 8:55 | Peasant |
| 8:56 | Peasant |
| 8:57 | Peasant |
| 8:58 | Magic Sentry |
| 9:37 | Town Hall |
| 9:48 | Scout Tower |
| 9:49 | Scout Tower |
| 9:50 | Scout Tower |
| 9:51 | Scout Tower |
| 9:52 | Scout Tower |
| 10:32 | Blizzard |
| 10:34 | Thunder Clap |
| 10:37 | Goblin Shredder |
| 10:40 | Priest |
| 10:42 | Castle |
| 10:46 | Guard Tower |
| 11:07 | Scroll of Regeneration |
| 11:12 | Guard Tower |
| 11:16 | Guard Tower |
| 11:18 | Scout Tower |
| 11:21 | Scout Tower |
| 11:22 | Scout Tower |
| 11:23 | Scout Tower |
| 11:43 | Advanced Masonry |
| 11:44 | Priest Adept Training |
| 11:48 | Arcane Vault |
| 11:49 | Arcane Vault |
| 11:50 | Arcane Vault |
| 12:10 | Guard Tower |
| 12:52 | Guard Tower |
| 13:03 | Scout Tower |
| 13:03 | Scout Tower |
| 13:07 | Gryphon Aviary |
| 13:08 | Blacksmith |
| 13:11 | Barracks |
| 13:13 | Scout Tower |
| 13:14 | Scout Tower |
| 13:15 | Scout Tower |
| 13:15 | Scout Tower |
| 13:19 | Guard Tower |
| 13:21 | Scout Tower |
| 13:23 | Scout Tower |
| 13:24 | Scout Tower |
| 13:37 | Peasant |
| 13:45 | Guard Tower |
| 13:57 | Scroll of Regeneration |
| 13:57 | Staff of Sanctuary |
| 14:06 | Scout Tower |
| 14:08 | Scout Tower |
| 14:09 | Scout Tower |
| 14:10 | Scout Tower |
| 14:11 | Scout Tower |
| 14:11 | Scout Tower |
| 14:12 | Scout Tower |
| 14:24 | Guard Tower |
| 14:27 | Staff of Teleportation |
| 14:27 | Boots of Speed |
| 14:27 | Circlet of Nobility |
| 15:20 | Guard Tower |
| 15:21 | Scroll of Regeneration |
| 15:25 | Orb of Fire |
| 15:25 | Staff of Sanctuary |
| 15:35 | Studded Leather Armor |
| 15:36 | Cloud |
| 15:39 | Imbued Masonry |
| 15:41 | Animal War Training |
| 15:43 | Guard Tower |
| 15:47 | Scout Tower |
| 15:48 | Scout Tower |
| 15:49 | Scout Tower |
| 15:50 | Scout Tower |
| 15:53 | Scout Tower |
| 15:54 | Scout Tower |
| 15:55 | Scout Tower |
| 15:58 | Scout Tower |
| 15:59 | Scout Tower |
| 16:00 | Scout Tower |
| 16:00 | Scout Tower |
| 16:03 | Scout Tower |
| 16:04 | Scout Tower |
| 16:05 | Scout Tower |
| 16:28 | Guard Tower |
| 16:30 | Guard Tower |
| 16:37 | Holy Light |
| 16:41 | Reinforced Leather Armor |
| 16:43 | Improved Lumber Harvesting |
| 16:54 | Guard Tower |
| 16:59 | Guard Tower |
| 17:01 | Scout Tower |
| 17:02 | Scout Tower |
| 17:05 | Scout Tower |
| 17:06 | Scout Tower |
| 17:27 | Guard Tower |
| 17:30 | Scout Tower |
| 17:32 | Scout Tower |
| 17:33 | Scout Tower |
| 17:34 | Scout Tower |
| 17:34 | Scout Tower |
| 17:41 | Guard Tower |
| 18:29 | Guard Tower |
| 18:34 | Scout Tower |
| 18:35 | Scout Tower |
| 18:37 | Scout Tower |
| 18:38 | Scout Tower |
| 18:50 | Dragonhide Armor |
| 19:04 | Guard Tower |
| 19:07 | Scout Tower |
| 19:10 | Scout Tower |
| 19:12 | Guard Tower |
| 19:16 | Guard Tower |
| 19:35 | Guard Tower |
| 19:43 | Guard Tower |
| 19:47 | Scout Tower |
| 19:48 | Scout Tower |
| 19:49 | Scout Tower |
| 19:50 | Scout Tower |
| 19:51 | Scout Tower |
| 19:52 | Scout Tower |
| 19:53 | Scout Tower |
| 19:55 | Scout Tower |
| 19:55 | Scout Tower |
| 19:57 | Guard Tower |
| 19:59 | Scout Tower |
| 19:59 | Scout Tower |
| 20:00 | Scout Tower |
| 20:49 | Scroll of Town Portal |
| 20:50 | Staff of Teleportation |
| 20:52 | Boots of Speed |
| 21:13 | Guard Tower |
| 21:16 | Guard Tower |
| 21:17 | Scout Tower |
| 21:18 | Scout Tower |
| 21:20 | Scout Tower |
| 21:21 | Scout Tower |
| 21:21 | Scout Tower |
| 21:45 | Guard Tower |
| 21:49 | Scout Tower |
| 21:50 | Scout Tower |
| 21:52 | Scout Tower |
| 21:53 | Scout Tower |
| 22:20 | Storm Bolt |
| 22:49 | Guard Tower |
| 22:52 | Scout Tower |
| 22:53 | Scout Tower |
| 22:54 | Scout Tower |
| 22:55 | Scout Tower |
| 23:17 | Guard Tower |
| 23:30 | Guard Tower |
| 23:33 | Scout Tower |
| 23:33 | Scout Tower |
| 23:34 | Scout Tower |
| 23:34 | Scout Tower |
| 23:36 | Scout Tower |
| 23:41 | Guard Tower |
| 23:43 | Scout Tower |
| 23:44 | Scout Tower |
| 23:44 | Scout Tower |
| 23:45 | Scout Tower |
| 23:46 | Scout Tower |
| 24:37 | Boots of Speed |
| 24:38 | Staff of Teleportation |
| 24:42 | Potion of Invisibility |
| 24:45 | Potion of Lesser Invulnerability |
| 24:49 | Circlet of Nobility |
| 24:49 | Periapt of Vitality |
| 25:03 | Guard Tower |
| 25:05 | Scout Tower |
| 25:05 | Scout Tower |
| 25:06 | Scout Tower |
| 25:06 | Scout Tower |
| 25:07 | Scout Tower |
| 25:08 | Scout Tower |
| 25:16 | Scout Tower |
| 25:17 | Scout Tower |
| 25:17 | Scout Tower |
| 25:19 | Scout Tower |
| 25:20 | Scout Tower |
| 25:20 | Scout Tower |
| 25:23 | Scout Tower |
| 25:23 | Scout Tower |
| 25:24 | Scout Tower |
| 25:24 | Scout Tower |
| 25:25 | Scout Tower |
| 25:30 | Guard Tower |
| 25:48 | Guard Tower |
| 25:51 | Scout Tower |
| 25:52 | Scout Tower |
| 25:55 | Guard Tower |
| 25:57 | Scout Tower |
| 25:57 | Scout Tower |
| 25:58 | Scout Tower |
| 25:59 | Scout Tower |
| 26:08 | Orb of Fire |
| 26:08 | Staff of Sanctuary |
| 27:04 | Guard Tower |
| 27:08 | Scout Tower |
| 27:08 | Scout Tower |
| 27:09 | Scout Tower |
| 27:09 | Scout Tower |
| 27:10 | Scout Tower |
| 27:10 | Scout Tower |
| 27:42 | Guard Tower |
| 27:48 | Scout Tower |
| 27:49 | Scout Tower |
| 27:50 | Scout Tower |
| 27:51 | Scout Tower |
| 27:52 | Scout Tower |
| 28:31 | Scout Tower |
| 28:32 | Scout Tower |
| 28:32 | Scout Tower |
| 28:34 | Brilliance Aura |
| 28:38 | Divine Shield |
| 29:21 | Guard Tower |
| 29:52 | Scroll of Regeneration |
| 29:54 | Potion of Mana |
| 29:56 | Potion of Healing |
| 30:17 | Guard Tower |
| 30:26 | Guard Tower |
| 31:40 | Guard Tower |
| 31:57 | Scout Tower |
| 32:03 | Scout Tower |
| 32:04 | Scout Tower |
| 32:05 | Scout Tower |
| 32:05 | Scout Tower |
| 32:39 | Guard Tower |
| 33:12 | Thunder Clap |
| 34:25 | Guard Tower |
| 34:29 | Scout Tower |
| 34:30 | Scout Tower |
| 34:31 | Scout Tower |
| 34:32 | Scout Tower |
| 34:32 | Scout Tower |
| 35:08 | Scout Tower |
| 35:08 | Scout Tower |
| 35:09 | Scout Tower |
| 35:10 | Scout Tower |
| 35:10 | Scout Tower |
| 35:11 | Scout Tower |
| 35:12 | Scout Tower |
| 35:13 | Scout Tower |
| 35:14 | Scout Tower |
| 35:15 | Scout Tower |
| 35:16 | Scout Tower |
| 35:16 | Scout Tower |
| 35:17 | Scout Tower |
| 35:52 | Priest Master Training |
| 35:53 | Iron Forged Swords |
| 36:03 | Scout Tower |
| 36:03 | Scout Tower |
| 36:04 | Scout Tower |
| 36:05 | Scout Tower |
| 36:06 | Scout Tower |
| 36:06 | Scout Tower |
| 36:10 | Scout Tower |
| 36:11 | Scout Tower |
| 36:11 | Scout Tower |
| 36:12 | Scout Tower |
| 36:14 | Scout Tower |
| 36:14 | Scout Tower |
| 36:15 | Scout Tower |
| 36:18 | Scout Tower |
| 36:19 | Scout Tower |
| 36:20 | Scout Tower |
| 36:20 | Scout Tower |
| 36:21 | Scout Tower |
| 36:21 | Scout Tower |
| 36:24 | Scout Tower |
| 36:25 | Scout Tower |
| 36:26 | Scout Tower |
| 36:28 | Scout Tower |
| 36:29 | Scout Tower |
| 36:30 | Scout Tower |
| 36:31 | Scout Tower |
| 36:32 | Scout Tower |
| 36:34 | Scout Tower |
| 36:35 | Scout Tower |
| 36:40 | Guard Tower |
| 36:51 | Guard Tower |
| 36:58 | Scout Tower |
| 36:58 | Scout Tower |
| 36:58 | Scout Tower |
| 38:27 | Guard Tower |
| 38:39 | Guard Tower |
| 38:40 | Guard Tower |
| 38:43 | Guard Tower |
| 38:51 | Guard Tower |
| 38:54 | Scout Tower |
| 38:54 | Scout Tower |
| 38:55 | Scout Tower |
| 38:55 | Scout Tower |
| 38:56 | Scout Tower |
| 38:56 | Scout Tower |
| 38:59 | Scout Tower |
| 39:00 | Scout Tower |
| 39:01 | Scout Tower |
| 39:01 | Scout Tower |
| 39:02 | Scout Tower |
| 39:02 | Scout Tower |
| 39:04 | Guard Tower |
| 39:05 | Scout Tower |
| 39:06 | Scout Tower |
| 39:06 | Scout Tower |
| 39:13 | Guard Tower |
| 39:16 | Scout Tower |
| 39:16 | Scout Tower |
| 39:32 | Guard Tower |
| 39:42 | Guard Tower |
| 39:50 | Scout Tower |
| 39:51 | Scout Tower |
| 39:52 | Scout Tower |
| 39:56 | Scout Tower |
| 39:56 | Scout Tower |
| 39:57 | Scout Tower |
| 39:59 | Guard Tower |
| 40:02 | Scout Tower |
| 40:02 | Scout Tower |
| 40:25 | Guard Tower |
| 40:26 | Scout Tower |
| 40:27 | Scout Tower |
| 40:29 | Guard Tower |
| 40:30 | Scout Tower |
| 40:31 | Scout Tower |
| 40:31 | Scout Tower |
| 40:32 | Scout Tower |
| 40:32 | Scout Tower |
| 40:33 | Scout Tower |
| 41:06 | Guard Tower |
| 41:10 | Scout Tower |
| 41:11 | Scout Tower |
| 41:11 | Scout Tower |
| 41:12 | Scout Tower |
| 41:15 | Periapt of Vitality |
| 41:26 | Circlet of Nobility |
| 41:39 | Guard Tower |
| 41:41 | Scout Tower |
| 41:41 | Scout Tower |
| 41:42 | Scout Tower |
| 41:44 | Scout Tower |
| 41:45 | Scout Tower |
| 41:45 | Scout Tower |
| 41:46 | Scout Tower |
| 41:46 | Scout Tower |
| 41:47 | Scout Tower |
| 41:48 | Scout Tower |
| 41:48 | Scout Tower |
| 41:49 | Scout Tower |
| 41:49 | Scout Tower |
| 41:50 | Scout Tower |
| 41:51 | Scout Tower |
| 41:51 | Scout Tower |
| 41:52 | Scout Tower |
| 41:53 | Scout Tower |
| 41:53 | Scout Tower |
| 41:54 | Scout Tower |
| 41:56 | Scout Tower |
| 41:56 | Scout Tower |
| 41:57 | Scout Tower |
| 42:01 | Guard Tower |
| 42:03 | Guard Tower |
| 42:04 | Scout Tower |
| 42:05 | Scout Tower |
| 42:05 | Scout Tower |
| 42:06 | Scout Tower |
| 42:08 | Guard Tower |
| 42:09 | Scout Tower |
| 42:10 | Scout Tower |
| 42:11 | Scout Tower |
| 42:11 | Scout Tower |
| 42:18 | Scout Tower |
| 42:18 | Scout Tower |
| 42:19 | Scout Tower |
| 42:19 | Scout Tower |
| 42:20 | Scout Tower |
| 42:20 | Scout Tower |
| 42:21 | Scout Tower |
| 42:22 | Scout Tower |
| 42:44 | Holy Light |
| 44:06 | Guard Tower |
| 44:11 | Guard Tower |
| 44:14 | Guard Tower |
| 44:21 | Guard Tower |
| 44:25 | Guard Tower |
| 44:30 | Lumber Mill |
| 44:34 | Scout Tower |
| 44:34 | Scout Tower |
| 44:35 | Scout Tower |
| 44:37 | Scout Tower |
| 44:38 | Scout Tower |
| 45:53 | Guard Tower |
| 45:54 | Scout Tower |
| 45:55 | Scout Tower |
| 45:56 | Scout Tower |
| 45:57 | Scout Tower |
| 45:58 | Scout Tower |
| 45:58 | Scout Tower |
| 45:59 | Scout Tower |
| 45:59 | Scout Tower |
| 46:00 | Scout Tower |
| 47:09 | Guard Tower |
| 47:14 | Scout Tower |
| 47:16 | Scout Tower |
| 47:16 | Scout Tower |
| 47:19 | Scout Tower |
| 47:20 | Scout Tower |
| 47:21 | Scout Tower |
| 47:22 | Scout Tower |
| 47:23 | Scout Tower |
| 47:35 | Blizzard |
| 48:34 | Guard Tower |
| 48:36 | Scout Tower |
| 48:38 | Scout Tower |
| 48:38 | Scout Tower |
| 48:39 | Scout Tower |
| 49:08 | Storm Bolt |
| 49:30 | Guard Tower |
| 49:32 | Scout Tower |
| 49:33 | Scout Tower |
| 49:34 | Scout Tower |
| 49:35 | Scout Tower |
| 49:35 | Scout Tower |
| 49:36 | Scout Tower |
| 49:45 | Guard Tower |
| 49:47 | Goblin Shredder |
| 49:51 | Scout Tower |
| 49:52 | Scout Tower |
| 49:53 | Scout Tower |
| 49:53 | Scout Tower |
| 49:54 | Scout Tower |
| 51:24 | Guard Tower |
| 51:27 | Scout Tower |
| 51:28 | Scout Tower |
| 51:29 | Scout Tower |
| 51:49 | Devotion Aura |
| 52:07 | Guard Tower |
| 52:16 | Scout Tower |
| 52:17 | Scout Tower |
| 52:17 | Scout Tower |
| 52:18 | Scout Tower |
| 52:19 | Scout Tower |
| 52:20 | Scout Tower |
| 52:20 | Scout Tower |
| 52:21 | Scout Tower |
| 52:23 | Guard Tower |
| 52:58 | Guard Tower |
| 53:00 | Scout Tower |
| 53:01 | Scout Tower |
| 53:02 | Scout Tower |
| 53:03 | Scout Tower |
| 53:03 | Scout Tower |
| 53:32 | Guard Tower |
| 53:48 | Guard Tower |
| 53:52 | Guard Tower |
| 54:36 | Guard Tower |
| 54:59 | Guard Tower |
| Right click | 3391 |
| Select group | 2626 |
| Select | 595 |
| Chat | 357 |
| Build/train/purchase | 259 |
| Use ability | 167 |
| Misc. action | 67 |
| Minimap ping | 55 |
| Item give/drop | 13 |
| Assign group | 7 |
| Esc | 1 |